 Dungeon Crawl Stone Soup version 0.22.0-6-g71bd7aa (console) character file.

520 thesubatomic the Cudgeler (level 7, 0/43 HPs)
             Began as a Gargoyle Fighter on Aug 14, 2018.
             Slain by a troll (7 damage)
             ... on level 5 of the Dungeon.
             The game lasted 00:04:24 (3865 turns).

thesubatomic the Cudgeler (Gargoyle Fighter)        Turns: 3865, Time: 00:04:24

Health: 0/43       AC: 11    Str: 26    XL:     7   Next: 21%
Magic:  7/7        EV:  8    Int:  9    God:
Gold:   262        SH: 10    Dex:  9    Spells: 6/6 levels left

rFire    . . .     SeeInvis .   a - +0 flail
rCold    . . .     Gourm    .   c - +0 shield
rNeg     + . .     Faith    .   b - +0 scale mail
rPois    ∞         Spirit   .   (no helmet)
rElec    +         Reflect  .   (no cloak)
rCorr    .         Harm     .   (no gloves)
MR       .....                  (no boots)
Stlth    ..........             (no amulet)
HPRegen  0.14/turn              (no ring)
MPRegen  0.10/turn              (no ring)

@: mighty
A: negative energy resistance 1, electricity resistance, unbreathing,
petrification resistance, rot immunity, AC +4
a: no special abilities


You were on level 5 of the Dungeon.
You were near starving.

You visited 1 branch of the dungeon, and saw 5 of its levels.

You collected 262 gold pieces.

Inventory:

Hand Weapons
 a - a +0 flail (weapon)
Armour
 b - a +0 scale mail (worn)
 c - a +0 shield (worn)
Jewellery
 k - an uncursed ring of fire {unknown}
 m - an uncursed ring of see invisible {unknown}
 w - an uncursed amulet of faith {unknown}
Wands
 s - a wand of iceblast (11)
 t - a wand of disintegration (15)
Scrolls
 e - 9 scrolls of identify {unknown}
 h - 5 scrolls of teleportation {unknown}
 l - a scroll of magic mapping {unknown}
 n - 3 scrolls of remove curse {unknown}
 p - a scroll of enchant armour {unknown}
 r - 3 scrolls of immolation {unknown}
 v - a scroll of random uselessness {unknown}
 x - a scroll of amnesia {unknown}
Potions
 g - 2 potions of curing {unknown}
 i - 3 potions of brilliance {unknown}
 j - a potion of agility {unknown}
 o - 3 potions of heal wounds {unknown}
 q - a potion of degeneration {unknown}
Comestibles
 f - 7 rations


   Skills:
 * Level 4.2 Fighting
 * Level 6.1 Maces & Flails
 * Level 4.2 Armour
 + Level 1.1 Dodging
 * Level 4.2 Shields


You had 6 spell levels left.
You didn't know any spells.
Your spell library contained the following spells:

 Spells                   Type           Power        Failure   Level  Hunger
 Magic Dart               Conj           #...         98%         1    ##.....
 Iskenderun's Mystic Bla  Conj           #.......     100%        4    #####..
 Fulminant Prism          Conj/Hex       #.........   100%        4    #####..
 Dazzling Spray           Conj/Hex       #.....       100%        3    ####...
 Force Lance              Conj/Tloc      #.......     100%        4    #####..
 Searing Ray              Conj           #.....       99%         2    ###....


Dungeon Overview and Level Annotations

Branches:
Dungeon (5/15)
 Temple: D:4-7

Altars:


Innate Abilities, Weirdness & Mutations

You are resistant to torment.
Your stone body is resilient. (AC +4)
You are immune to poison.
You resist negative energy. (rN+)
You are resistant to electric shocks. (rElec)
You can survive without breathing.
You are immune to petrification.
You are immune to rotting.


Message History

The troll is heavily wounded.
The troll bites you but does no damage.
The troll claws you but does no damage. x2; You block the troll's attack.
The troll claws you but does no damage. The troll barely misses you.
Your shield and scale mail prevent you from hitting the troll.
The troll is heavily wounded.
The troll bites you! You block the troll's attack. The troll claws you!
You closely miss the troll.
The troll is heavily wounded.
The troll bites you but does no damage.
The troll claws you but does no damage. x2
You feel very mighty all of a sudden.
You block the troll's attack. x2; The troll closely misses you.
You barely miss the troll.
The troll is moderately wounded.
The troll bites you but does no damage. The troll claws you but does no damage.
You block the troll's attack.
You barely miss the troll.
The troll is moderately wounded.
The troll bites you!
* * * LOW HITPOINT WARNING * * *
The troll claws you!
You die...

###. #####....
####........
#.##........#..
#.........5....
#.# #5# #T# #@#
#.# #.# #.# #.#
#.#### #....#
####.# #.# #.#
#.#


You could see a troll and a crimson imp.

Vanquished Creatures
  Sigmund (D:2)
  A water moccasin skeleton (D:4)
  A jelly (D:2)
  A hound (D:4)
  Ijyb (D:5)
  Terence (D:2)
  2 worker ants (D:4)
  3 adders
  10 oozes (D:2)
  4 worms
  4 leopard geckos
  5 orcs
  3 giant cockroaches
  9 goblins
  6 hobgoblins
  3 quokkas
  5 bats
  4 frilled lizards
  15 kobolds
  6 rats
85 creatures vanquished.

Vanquished Creatures (others)
  2 fungi (D:2)
  5 toadstools (D:2)
7 creatures vanquished.

Grand Total: 92 creatures vanquished

Notes
Turn   | Place    | Note
-------+----------+-------------------------------------------
     0 | D:1      | thesubatomic the Gargoyle Fighter began the quest for the Orb.
     0 | D:1      | Reached XP level 1. HP: 14/14 MP: 1/1
   349 | D:1      | Reached XP level 2. HP: 14/19 MP: 2/2
   575 | D:1      | Reached skill level 3 in Maces & Flails
   791 | D:2      | Noticed Sigmund
   807 | D:2      | Killed Sigmund
   807 | D:2      | Reached skill level 5 in Maces & Flails
   807 | D:2      | Reached XP level 3. HP: 4/23 MP: 3/3
   807 | D:2      | Reached XP level 4. HP: 5/28 MP: 4/4
   807 | D:2      | Reached XP level 5. HP: 5/32 MP: 5/5
  1529 | D:2      | Reached XP level 6. HP: 37/37 MP: 6/6
  2059 | D:2      | Noticed Terence
  2068 | D:2      | Killed Terence
  3005 | D:4      | Reached XP level 7. HP: 43/43 MP: 7/7
  3172 | D:4      | Reached skill level 6 in Maces & Flails
  3198 | D:4      | Reached skill level 1 in Dodging
  3798 | D:5      | Entered Level 5 of the Dungeon
  3798 | D:5      | Noticed Ijyb
  3817 | D:5      | Killed Ijyb
  3850 | D:5      | Noticed a troll
  3865 | D:5      | Slain by a troll

Skill      XL: |  1  2  3  4  5  6  7 |
---------------+----------------------+-----
Maces & Flails | 5 6 |  6.1
Fighting       | 4 |  4.2
Shields        | 4 |  4.2
Armour         | 4 |  4.2
Dodging        | 1 |  1.1

Action                   |  1- 3 |  4- 6 |  7- 9 || total
-------------------------+-------+-------+-------++-------
Melee: Flail             |    66 |   211 |    50 ||   327
  Use: Potion            |       |       |     1 ||     1
  Eat: Chunk             |       |     7 |     1 ||     8
Armor: Scale mail        |    27 |    91 |    29 ||   147
Dodge: Dodged            |    20 |    48 |    13 ||    81
Block: Shield            |    29 |    94 |    24 ||   147
